[Event "Titled Tuesday Blitz April 05 Early 2022"]
[White "Kosteniuk, Alexandra"]
[Black "Vusatiuk, Vladimir"]
[WhiteFideId "4128125"]
[BlackFideId "14118610"]
[WhiteElo "2469"]
[BlackElo "2157"]
[Result "0-1"]
[Round "04"]
[TimeControl "180+1"]
[Date "2022.04.05"]
[WhiteClock "0:00:07"]
[BlackClock "0:00:02"]

1. d4 d5 2. Nf3 e6 3. g3 c5 4. Bg2 Nc6 5. c4 Nf6 6. O-O Be7 7. Nc3 O-O 8. cxd5 exd5 9. dxc5 Bxc5 10. Bg5 d4 11. Ne4 Be7 12. Nxf6+ Bxf6 13. Qd2 Bg4 14. Bxf6 Qxf6 15. Ng5 Rad8 16. Rac1 Rfe8 17. Ne4 Qe7 18. Rfe1 Ne5 19. Nc5 b6 20. Nd3 Bf5 21. Nb4 Qd6 22. a3 Be6 23. Qf4 a5 24. Nc6 Nxc6 25. Qxd6 Rxd6 26. Bxc6 Rc8 27. Be4 Rc4 28. Bd3 Rxc1 29. Rxc1 g6 30. f4 Kg7 31. Kf2 Bd5 32. g4 Rc6 33. Rd1 Rd6 34. h4 Rc6 35. g5 Bb3 36. Rd2 a4 37. Be4 Rd6 38. Bf3 h6 39. Ke1 hxg5 40. hxg5 f6 41. gxf6+ Kxf6 42. e3 d3 43. e4 Rd4 44. Kf2 Rd8 45. Ke3 Bc2 46. e5+ Ke7 47. Be4 Rh8 48. Bxd3 Rh3+ 49. Kd4 Bb3 50. Bxg6 Rf3 51. Ke4 Rf1 52. f5 Re1+ 53. Kf4 Rf1+ 54. Kg3 Re1 55. Kf4 Rf1+ 56. Ke3 Re1+ 57. Re2 Rf1 58. Rh2 Re1+ 59. Kd4 Rd1+ 60. Kc3 Rc1+ 61. Kd3 Rd1+ 62. Ke3 Re1+ 63. Kf4 Rf1+ 64. Kg5 Rg1+ 65. Kh6 Re1 66. f6+ Ke6 67. f7 Ke7 68. Kg7 Rf1 69. Rh7 Bxf7 70. Kh8 Kf8 71. Bxf7 Rxf7 72. Rh6 Rf5 73. Rxb6 Rh5+ 0-1


[Site "https://www.chess.com"]

[Event "Titled Tuesday Blitz April 05 Early 2022"]
[White "Kostina, Nadezhda"]
[Black "Dilmukhametov, Artur"]
[WhiteFideId "4195876"]
[BlackFideId "24179922"]
[WhiteElo "1982"]
[BlackElo "2244"]
[Result "1-0"]
[Round "04"]
[TimeControl "180+1"]
[Date "2022.04.05"]
[WhiteClock "0:00:24"]
[BlackClock "0:00:39"]

1. e4 e6 2. d4 d5 3. Nc3 c5 4. exd5 exd5 5. dxc5 Bxc5 6. Qxd5 Qe7+ 7. Be2 Nf6 8. Qd3 Nc6 9. Nf3 O-O 10. Bg5 Rd8 11. Bxf6 Qxf6 12. Qb5 a6 13. Qxc5 Bg4 14. O-O Rac8 15. Qg5 Qxg5 16. Nxg5 Bxe2 17. Nxe2 Rd2 18. Nc3 Rxc2 19. Rab1 h6 20. Nf3 Rd8 21. h3 Nd4 22. Nxd4 Rxd4 23. Rfc1 Rdd2 24. Rxc2 Rxc2 25. Kf1 b5 26. Ke1 a5 27. Ne2 b4 28. Kd1 Rc4 29. Rc1 Re4 30. Rc8+ Kh7 31. Rc5 a4 32. Ra5 b3 33. axb3 axb3 34. Rb5 g5 35. Rxb3 f5 36. Rb6 h5 37. b4 g4 38. hxg4 fxg4 39. b5 Rb4 40. Kd2 h4 41. Nc3 h3 42. gxh3 gxh3 43. Re6 h2 44. Re1 Rh4 45. Rh1 Kg6 46. b6 Rb4 47. Rxh2 Rb2+ 48. Ke3 Kf5 49. Nd5 Ke5 50. Rh5+ Ke6 51. Nf4+ Kf7 52. Rh6 Kg7 53. Rc6 Rb3+ 54. Ke4 Rb4+ 55. Ke5 Rb5+ 56. Nd5 Kf7 57. Rc7+ Ke8 58. b7 Kd8 59. Rc8+ Kd7 60. b8=Q Rxb8 61. Rxb8 1-0


[Site "https://www.chess.com"]

[Event "Titled Tuesday Blitz April 05 Early 2022"]
[White "Kostiukov, Alexandr"]
[Black "Decuigniere, Tom"]
[WhiteFideId "14108100"]
[BlackFideId "26093820"]
[WhiteElo "2202"]
[BlackElo "1997"]
[Result "0-1"]
[Round "04"]
[TimeControl "180+1"]
[Date "2022.04.05"]
[WhiteClock "0:00:31"]
[BlackClock "0:00:15"]

1. g3 Nf6 2. Bg2 g6 3. c4 Bg7 4. Nf3 O-O 5. O-O d6 6. d4 Re8 7. Nc3 c6 8. h3 Nbd7 9. e4 e5 10. Be3 b6 11. Rc1 Bb7 12. b4 Qe7 13. c5 dxc5 14. bxc5 exd4 15. Bxd4 Rad8 16. cxb6 axb6 17. Re1 c5 18. Bxf6 Bxf6 19. Nd5 Bxd5 20. exd5 Qd6 21. Rxe8+ Rxe8 22. Qb3 Kg7 23. a4 Re2 24. Rd1 Ne5 25. Nxe5 Bxe5 26. Qc4 Rb2 27. f4 Bd4+ 28. Rxd4 cxd4 29. Qxd4+ Qf6 30. Qe5 Qxe5 31. fxe5 Re2 32. d6 Kf8 33. d7 Ke7 34. Bc6 Rxe5 35. Kf2 Rc5 36. Bb5 Rxb5 37. axb5 Kxd7 38. Ke3 Kd6 39. Kd4 f6 40. g4 f5 41. gxf5 gxf5 42. h4 Ke6 43. Ke3 Ke5 44. Kf3 f4 45. h5 Kf5 46. h6 Kg6 47. Kxf4 Kxh6 48. Ke5 Kg5 49. Kd6 h5 50. Kc6 h4 51. Kxb6 h3 52. Kc7 h2 53. b6 h1=Q 54. b7 Qc1+ 55. Kd8 Qd2+ 56. Kc8 Qc3+ 57. Kd8 Qd4+ 58. Kc8 Qc5+ 59. Kd8 Qd6+ 60. Kc8 Qc6+ 61. Kb8 Kf6 62. Ka7 Qa4+ 63. Kb6 Qb4+ 64. Kc7 Qc5+ 65. Kd8 Qd6+ 66. Kc8 Qc6+ 67. Kb8 Ke6 68. Ka7 Qa4+ 69. Kb6 Qb4+ 70. Kc7 Qc5+ 71. Kd8 Qc6 72. b8=Q Qd7# 0-1


[Site "https://www.chess.com"]

[Event "Titled Tuesday Blitz April 05 Early 2022"]
[White "Krishna, C R G"]
[Black "Plazuelo Pascual, Juan"]
[WhiteFideId "5018625"]
[BlackFideId "32059566"]
[WhiteElo "2332"]
[BlackElo "2359"]
[Result "1-0"]
[Round "04"]
[TimeControl "180+1"]
[Date "2022.04.05"]
[WhiteClock "0:01:55"]
[BlackClock "0:00:08"]

1. e4 e5 2. Nf3 Nc6 3. g3 Nf6 4. d3 d5 5. Nbd2 Be6 6. Bg2 h6 7. O-O Qd7 8. c3 Be7 9. b4 dxe4 10. dxe4 a6 11. a4 O-O 12. Bb2 Bd6 13. Qe2 Ne7 14. Nc4 Bxc4 15. Qxc4 Qc6 16. Nd2 Rfd8 17. Qxc6 Nxc6 18. Nc4 Kf8 19. f4 Ke7 20. b5 axb5 21. axb5 Rxa1 22. Bxa1 Na7 23. Nxd6 cxd6 24. c4 Nd7 25. Bh3 f6 26. Rd1 Nc5 27. Bc3 Nxe4 28. Ba5 Ra8 29. Bg2 Nc5 30. fxe5 fxe5 31. Bb6 Nd7 32. Bf2 Nc5 33. Ra1 1-0


[Site "https://www.chess.com"]

[Event "Titled Tuesday Blitz April 05 Early 2022"]
[White "Kucuksari, Kaan"]
[Black "Pires, Marcos Vinicius Torsani"]
[WhiteFideId "6380166"]
[BlackFideId "2118939"]
[WhiteElo "2305"]
[BlackElo "2273"]
[Result "1-0"]
[Round "04"]
[TimeControl "180+1"]
[Date "2022.04.05"]
[WhiteClock "0:01:19"]
[BlackClock "0:00:18"]

1. d4 Nf6 2. c4 g6 3. g3 Bg7 4. Bg2 O-O 5. Nc3 d6 6. Nf3 Nc6 7. O-O e5 8. d5 Nb8 9. e4 a5 10. Be3 Na6 11. h3 Nd7 12. b3 Ndc5 13. a3 f5 14. b4 Nxe4 15. Nxe4 fxe4 16. Ng5 Bf5 17. b5 Nc5 18. Bxc5 dxc5 19. Nxe4 Bxe4 20. Bxe4 Qd6 21. h4 b6 22. Kg2 Rf6 23. Qd3 Raf8 24. f3 Qe7 25. Rh1 R8f7 26. h5 gxh5 27. Rxh5 h6 28. Re1 Rd6 29. Ra1 Qf6 30. Rah1 Qe7 31. R1h4 Kf8 32. Rg4 Rff6 33. Qe3 Qe8 34. Rgh4 Rd7 35. Bd3 Re7 36. Rf5 Rxf5 37. Bxf5 Qf7 38. Be6 Qf6 39. Rh5 Ke8 40. Qe4 Kd8 41. Rf5 Rxe6 42. dxe6 Qxe6 43. a4 Kd7 44. Qc6+ Qxc6 45. bxc6+ Kxc6 46. Rf7 Bh8 47. Rh7 1-0


[Site "https://www.chess.com"]

[Event "Titled Tuesday Blitz April 05 Early 2022"]
[White "Lakshmi C"]
[Black "Martinez, Shawn"]
[WhiteFideId "25035347"]
[BlackFideId "2039770"]
[WhiteElo "1775"]
[BlackElo "2174"]
[Result "1-0"]
[Round "04"]
[TimeControl "180+1"]
[Date "2022.04.05"]
[WhiteClock "0:00:25"]
[BlackClock "0:00:01"]

1. e4 c5 2. c4 Nc6 3. Nc3 g6 4. Nf3 Bg7 5. Be2 d6 6. O-O e5 7. a3 Bg4 8. Rb1 a5 9. d3 Bxf3 10. Bxf3 Nd4 11. Be3 Ne7 12. Bxd4 cxd4 13. Qa4+ Nc6 14. Nd5 O-O 15. Qb5 Ra7 16. b4 axb4 17. axb4 Qd7 18. Ra1 Rxa1 19. Rxa1 h5 20. h3 Kh7 21. Ra7 Rb8 22. Qa4 Qd8 23. Rxb7 Rxb7 24. Qxc6 Qd7 25. b5 Kg8 26. g4 Ra7 27. Qxd7 Rxd7 28. gxh5 Rb7 29. hxg6 fxg6 30. Bg4 Kf8 31. b6 Ke8 32. Bc8 Rb8 33. b7 Kd8 34. Nb6 Kc7 35. Nd5+ Kd8 36. f4 Rxc8 37. bxc8=Q+ Kxc8 38. fxe5 Bxe5 39. Ne7+ Kd7 40. Nxg6 Bg3 41. Kg2 Be1 42. Kf3 Ke6 43. Nf4+ Ke5 44. h4 Bd2 45. Nd5 Bc1 46. h5 Bd2 47. Ne7 Bc1 48. Nf5 Ke6 49. Kg4 Kf6 50. Nxd4 Be3 51. Nf5 Bc1 52. Nxd6 Bd2 53. Nf5 Bc1 54. d4 Ke6 55. d5+ Ke5 56. h6 1-0


[Site "https://www.chess.com"]

[Event "Titled Tuesday Blitz April 05 Early 2022"]
[White "Lamaze, Simon"]
[Black "Sanchez Alvares, Kelvin Antonio"]
[WhiteFideId "36069264"]
[BlackFideId "3906680"]
[WhiteElo "1999"]
[BlackElo "2193"]
[Result "1-0"]
[Round "04"]
[TimeControl "180+1"]
[Date "2022.04.05"]
[WhiteClock "0:00:22"]
[BlackClock "0:00:07"]

1. d4 d5 2. c4 c6 3. Nc3 Nf6 4. e3 e6 5. b3 Bb4 6. Bb2 Qa5 7. Qc2 Ne4 8. Ne2 e5 9. a3 Bxc3+ 10. Nxc3 exd4 11. b4 Qc7 12. Nxe4 dxe4 13. Qxe4+ Be6 14. Qxd4 f6 15. Bd3 Nd7 16. O-O-O a5 17. Qe4 Kf7 18. Rd2 axb4 19. axb4 Ra4 20. Bc3 Ne5 21. Bxe5 fxe5 22. Rb2 g6 23. Rd1 Rf8 24. Qh4 Kg7 25. f3 b5 26. c5 Qf7 27. Qe4 Qc7 28. Bc2 Bf5 29. Qh4 Ra1+ 30. Bb1 Qa7 31. e4 Be6 32. Qg5 Qc7 33. Rd6 Bf7 34. Qxe5+ Kh6 35. Rxg6+ 1-0


[Site "https://www.chess.com"]

[Event "Titled Tuesday Blitz April 05 Early 2022"]
[White "Lauridsen, Jesper Morch"]
[Black "Demin, Vladimir"]
[WhiteFideId "1401890"]
[BlackFideId "4167457"]
[WhiteElo "2234"]
[BlackElo "2471"]
[Result "1-0"]
[Round "04"]
[TimeControl "180+1"]
[Date "2022.04.05"]
[WhiteClock "0:00:11"]
[BlackClock "0:00:10"]

1. e4 c5 2. c3 Nf6 3. e5 Nd5 4. d4 cxd4 5. Nf3 e6 6. cxd4 Nc6 7. Bd3 d6 8. O-O dxe5 9. dxe5 Be7 10. a3 h6 11. Qe2 O-O 12. Bxh6 f5 13. Bd2 Qb6 14. Nc3 Nxc3 15. Bxc3 Rd8 16. Rad1 Bd7 17. Bc4 Kf7 18. b4 Be8 19. Bxe6+ Kf8 20. Bxf5 a5 21. b5 Na7 22. a4 Nc8 23. Nd4 Bf7 24. e6 Bg8 25. Nf3 Nd6 26. Bb1 Rac8 27. Qb2 Ne8 28. Ne5 Nf6 29. Ng6+ Ke8 30. Rd7 Rxd7 31. exd7+ Kxd7 32. Rd1+ Ke8 33. Re1 Rc7 34. Bf5 Qc5 35. Bxf6 gxf6 36. Qxf6 Qc3 37. Qf8# 1-0


[Site "https://www.chess.com"]

[Event "Titled Tuesday Blitz April 05 Early 2022"]
[White "Le Ruyet, Leopold"]
[Black "Alboredo, Julia"]
[WhiteFideId "645923"]
[BlackFideId "2124807"]
[WhiteElo "2276"]
[BlackElo "2041"]
[Result "1-0"]
[Round "04"]
[TimeControl "180+1"]
[Date "2022.04.05"]
[WhiteClock "0:00:13"]
[BlackClock "0:00:19"]

1. e4 c5 2. c3 d5 3. exd5 Qxd5 4. d4 g6 5. Nf3 Bg7 6. Na3 cxd4 7. Nb5 Na6 8. cxd4 Nf6 9. Nc3 Qd8 10. Bc4 O-O 11. h3 Nc7 12. O-O Ncd5 13. Ne5 Be6 14. Be2 Rc8 15. Bd2 Nd7 16. Nxd5 Bxd5 17. Bc3 Nf6 18. Qd3 Qd6 19. a3 Rfd8 20. Bb4 Qe6 21. Rfe1 b6 22. Qa6 Rc7 23. Bd3 Qc8 24. Qa4 Qa8 25. f3 Nh5 26. Rac1 Rxc1 27. Rxc1 Nf4 28. Bf1 h5 29. Bxe7 Re8 30. Rc7 Qb8 31. Rxa7 Bxe5 32. dxe5 Qxe5 33. Qxe8+ Kg7 34. Bf8+ Kf6 35. Bg7+ Kg5 36. Qxe5+ 1-0


[Site "https://www.chess.com"]

[Event "Titled Tuesday Blitz April 05 Early 2022"]
[White "Legenia, Artem"]
[Black "Garv Gaur"]
[WhiteFideId "14136945"]
[BlackFideId "45030839"]
[WhiteElo "1936"]
[BlackElo "1950"]
[Result "1-0"]
[Round "04"]
[TimeControl "180+1"]
[Date "2022.04.05"]
[WhiteClock "0:00:17"]
[BlackClock "0:00:10"]

1. d4 d5 2. Nf3 Nf6 3. Bf4 c5 4. c3 Nc6 5. e3 Qb6 6. Qb3 c4 7. Qc2 Bf5 8. Qc1 Nh5 9. Bg3 e6 10. Nbd2 Nxg3 11. hxg3 Bd6 12. Be2 h6 13. e4 Bh7 14. g4 Qd8 15. exd5 exd5 16. g5 Bf4 17. gxh6 Bxh6 18. b3 O-O 19. bxc4 dxc4 20. O-O Rc8 21. Bd1 Ne7 22. Bc2 Bxc2 23. Qxc2 Ng6 24. g3 Qf6 25. Kg2 Rfe8 26. Rfe1 b5 27. Rab1 a6 28. Re4 Rxe4 29. Qxe4 Nf8 30. Qg4 Re8 31. Ne4 Qc6 32. Ne5 Qd5 33. Kg1 Ng6 34. Nf6+ gxf6 35. Nxg6 Qe4 36. Ne7+ Kf8 37. Qxe4 Rxe7 38. Qa8+ Kg7 39. Qxa6 Re2 40. Rxb5 Bd2 41. Rf5 Re6 42. Qxc4 Bg5 43. a4 Re1+ 44. Kg2 Ra1 45. a5 Ra2 46. Qxa2 Bd2 47. Qxd2 Kg6 48. Qf4 Kh7 49. Rxf6 Kg8 50. Rxf7 Kh8 51. Qf6+ Kg8 52. Qg7# 1-0


[Site "https://www.chess.com"]

[Event "Titled Tuesday Blitz April 05 Early 2022"]
[White "Leiva, Gianmarco"]
[Black "Sellitti, Federico"]
[WhiteFideId "3804399"]
[BlackFideId "821829"]
[WhiteElo "2323"]
[BlackElo "2558"]
[Result "1-0"]
[Round "04"]
[TimeControl "180+1"]
[Date "2022.04.05"]
[WhiteClock "0:00:59"]
[BlackClock "0:00:04"]

1. e4 e5 2. Nf3 d5 3. d4 dxe4 4. Nxe5 Bd6 5. Nc4 Nf6 6. Nc3 Nc6 7. Bg5 Bb4 8. a3 Bxc3+ 9. bxc3 h6 10. Bh4 O-O 11. Ne3 Qd6 12. Bc4 Ne7 13. Bg3 Qd7 14. Be5 Nfd5 15. Qh5 Nxe3 16. fxe3 Qg4 17. Qxg4 Bxg4 18. h3 Bh5 19. Rb1 b6 20. Kd2 c6 21. a4 Rfd8 22. a5 b5 23. Ba2 a6 24. c4 c5 25. cxb5 cxd4 26. Bxd4 axb5 27. Rxb5 Nc6 28. Bd5 Nxd4 29. exd4 Ra7 30. Ra1 Kf8 31. Rb7 Ra6 32. c4 f5 33. Ke3 Be8 34. Rb6 Ra7 35. a6 Bf7 36. Rb7 Rda8 37. Rxf7+ 1-0


[Site "https://www.chess.com"]

[Event "Titled Tuesday Blitz April 05 Early 2022"]
[White "Madaminov, Mukhiddin"]
[Black "Rabineau, Clement"]
[WhiteFideId "14210703"]
[BlackFideId "628891"]
[WhiteElo "1916"]
[BlackElo "2237"]
[Result "1/2-1/2"]
[Round "04"]
[TimeControl "180+1"]
[Date "2022.04.05"]
[WhiteClock "0:01:14"]
[BlackClock "0:00:06"]

1. e4 d6 2. d4 g6 3. Nf3 Bg7 4. Nc3 Nf6 5. Be2 O-O 6. O-O Bg4 7. h3 Bxf3 8. Bxf3 Nc6 9. Be3 e5 10. d5 Nd4 11. Bxd4 exd4 12. Qxd4 Re8 13. Qd2 Nd7 14. Rae1 a5 15. g3 Nc5 16. Bg2 Qf6 17. f4 Qd4+ 18. Qxd4 Bxd4+ 19. Kh2 Bxc3 20. bxc3 f6 21. Re3 Re7 22. Rfe1 Rae8 23. Kg1 Kg7 24. Kf2 h6 25. h4 g5 26. Kf3 b6 27. Bf1 Nxe4 28. Rxe4 g4+ 29. Kxg4 Rxe4 30. Rxe4 Rxe4 31. Bb5 Re3 32. Bd3 Kf7 33. a4 h5+ 34. Kh3 f5 35. Kg2 Kf6 36. Kf2 Re8 37. Be2 Kg6 38. Bd3 Re7 39. Be2 Re4 40. c4 Re7 41. Bd3 Kf6 42. Be2 Re4 43. Bd3 Re7 44. Be2 Rh7 45. Ke3 Kg6 46. Bd3 Re7+ 47. Kf2 Re8 48. Be2 Rd8 49. Bd1 Rc8 50. Bf3 Re8 51. Be2 Re7 52. Bf3 Rh7 53. Ke3 Kf6 54. Kf2 Rh6 55. Be2 Rh8 56. Bf3 Rh7 57. Bd1 Kg6 58. c3 Re7 59. Be2 Re8 60. Bd3 Re7 61. Bf1 Re4 62. Bd3 Re8 63. Be2 Rd8 64. Bf3 Rc8 65. Ke3 Re8+ 66. Kf2 Rh8 67. Bd1 Rh6 68. Bc2 Kf6 69. Bd3 Rh8 70. Bf1 Rg8 71. Bg2 Re8 72. Bf3 Kg6 73. Bh1 Re7 74. Bf3 Rf7 75. Bh1 Re7 76. Bg2 Rd7 77. Bf1 Rd8 78. Bd3 Re8 79. Be2 Re7 80. Bf3 Re8 81. Bg2 Re7 82. Bf1 Rf7 83. Ke3 Kf6 84. Be2 Rg7 85. Kf2 Kg6 86. Bd1 Rg8 87. Bf3 Rf8 88. Bg2 Re8 89. Bf3 Re7 90. Bg2 Rg7 91. Bf3 Rh7 92. Bg2 Kf6 93. Bf3 Ke7 94. Bg2 Kd7 95. Bf3 Ke7 96. Bg2 Kf6 97. Bf3 Rh6 98. Bg2 Rh8 99. Bh3 Re8 100. Bg2 Re7 101. Bf3 Rh7 102. Ke3 Rh6 103. Bd1 Rh8 104. Kf2 Re8 105. Bf3 Rh8 106. Be2 Rh7 107. Bd1 Rh8 108. Bf3 1/2-1/2


[Site "https://www.chess.com"]

[Event "Titled Tuesday Blitz April 05 Early 2022"]
[White "Manolache, Marius"]
[Black "Bettalli, Francesco"]
[WhiteFideId "1201530"]
[BlackFideId "2816453"]
[WhiteElo "2364"]
[BlackElo "2216"]
[Result "1-0"]
[Round "04"]
[TimeControl "180+1"]
[Date "2022.04.05"]
[WhiteClock "0:00:31"]
[BlackClock "0:00:02"]

1. d4 Nf6 2. c4 c5 3. d5 b5 4. Qc2 bxc4 5. e4 e6 6. Bxc4 exd5 7. exd5 d6 8. Ne2 Be7 9. O-O O-O 10. Nbc3 Nbd7 11. a4 Rb8 12. b3 Nb6 13. Rd1 Nxc4 14. bxc4 Rb4 15. Qd3 Nd7 16. f4 Bf6 17. Ba3 Rb3 18. Qc2 Rb8 19. Rab1 Ba6 20. Nb5 Bxb5 21. axb5 Qa5 22. Bb2 Bxb2 23. Rxb2 Rfe8 24. Ra2 Qc7 25. Rda1 Rb7 26. Qd3 Nb6 27. Ng3 Qe7 28. Re2 Qd7 29. Ne4 h6 30. Rae1 Rbb8 31. h3 Kh8 32. Ng3 Rxe2 33. Qxe2 Qd8 34. Nf5 Qf6 35. Qe4 Nxc4 36. Nxh6 Nd2 37. Qe2 Qd4+ 38. Kh1 gxh6 39. Rd1 Ne4 40. Kh2 Nc3 41. Qh5 Nxd1 42. Qxh6+ Kg8 43. Qg5+ Qg7 44. Qe7 Ne3 45. Qxe3 Rxb5 46. Qe8+ Qf8 47. Qxb5 Qd8 48. Qc6 Kg7 49. Kg3 Qb6 50. Kg4 Kf6 51. Qe8 a5 52. h4 Qc7 53. h5 Kg7 54. Kg5 f6+ 55. Kf5 Qf7 56. h6+ Kxh6 57. Qxf7 c4 58. Qg6# 1-0


[Site "https://www.chess.com"]

[Event "Titled Tuesday Blitz April 05 Early 2022"]
[White "Manon-og, Ramon Jr."]
[Black "Baches Garcia, Guillermo"]
[WhiteFideId "5200776"]
[BlackFideId "2209764"]
[WhiteElo "2251"]
[BlackElo "2465"]
[Result "0-1"]
[Round "04"]
[TimeControl "180+1"]
[Date "2022.04.05"]
[WhiteClock "0:02:16"]
[BlackClock "0:01:10"]

1. e4 c5 2. Nf3 d6 3. Bb5+ Bd7 4. Bxd7+ Qxd7 5. c4 e5 6. Nc3 Nc6 7. O-O Be7 8. d3 Bd8 9. h3 Nge7 10. Nh2 O-O 11. f4 f5 12. fxe5 Nxe5 13. exf5 Nxf5 14. Bf4 Ng6 15. Bd2 Bf6 16. Qh5 Bd4+ 17. Rf2 Bxf2+ 18. Kxf2 Ne5 19. Kg1 Qf7 20. Qe2 Nd4 21. Qe3 Qg6 22. Ne4 Ndf3+ 23. Nxf3 Rxf3 24. Kh1 Rxe3 0-1


[Site "https://www.chess.com"]

[Event "Titled Tuesday Blitz April 05 Early 2022"]
[White "Marcziter, Dmitrii"]
[Black "Rodchenkov, Sergey D."]
[WhiteFideId "13900765"]
[BlackFideId "4168712"]
[WhiteElo "2155"]
[BlackElo "2306"]
[Result "1-0"]
[Round "04"]
[TimeControl "180+1"]
[Date "2022.04.05"]
[WhiteClock "0:00:53"]
[BlackClock "0:00:19"]

1. d4 Nf6 2. c4 e6 3. Nf3 b6 4. a3 Bb7 5. Nc3 d5 6. cxd5 Nxd5 7. Qa4+ c6 8. e4 Nxc3 9. bxc3 Bd6 10. Bd3 O-O 11. O-O c5 12. Qc2 h6 13. Rd1 Qc7 14. d5 exd5 15. exd5 Nd7 16. c4 Ne5 17. Bh7+ Kh8 18. Ne1 Nxc4 19. Qxc4 Kxh7 20. Nf3 Rad8 21. Bb2 f6 22. Qe4+ Kg8 23. Nh4 Be5 24. Rab1 Rfe8 25. Qg4 Bxb2 26. Rxb2 Rxd5 27. Rbb1 Rg5 28. Qc4+ Qf7 29. Qxf7+ Kxf7 30. Rd7+ Re7 31. Rxe7+ Kxe7 32. f4 Rd5 33. Re1+ Kf7 34. f5 Rd2 35. Ng6 Rd7 36. Nh8+ Kg8 37. Re8+ Kh7 38. Ng6 1-0


[Site "https://www.chess.com"]

[Event "Titled Tuesday Blitz April 05 Early 2022"]
[White "Martin Carmona, Gaston Manuel"]
[Black "Goldin, Roman"]
[WhiteFideId "22284567"]
[BlackFideId "2803860"]
[WhiteElo "2146"]
[BlackElo "2312"]
[Result "1/2-1/2"]
[Round "04"]
[TimeControl "180+1"]
[Date "2022.04.05"]
[WhiteClock "0:00:09"]
[BlackClock "0:00:05"]

1. d4 Nf6 2. Nf3 g6 3. c4 Bg7 4. Nc3 d5 5. Bf4 O-O 6. e3 c6 7. Rc1 Bg4 8. Be2 Nbd7 9. cxd5 Nxd5 10. Nxd5 cxd5 11. O-O Bxf3 12. Bxf3 e6 13. Bc7 Qe7 14. Qb3 b6 15. Be2 Rfc8 16. Bg3 Nf6 17. Ba6 Rxc1 18. Rxc1 Ne4 19. Qc2 h5 20. Qc7 Qb4 21. b3 Qa5 22. Bc8 Qxa2 23. Qb7 Qd2 24. Rf1 Rxc8 25. Qxc8+ Bf8 26. Be5 Qe2 27. h3 h4 28. Qd8 Nd2 29. Ra1 Nxb3 30. Rxa7 Qe1+ 31. Kh2 Nd2 32. g4 Qxf2+ 33. Kh1 Qf1+ 34. Kh2 Qf2+ 35. Kh1 Qf1+ 36. Kh2 Qf2+ 1/2-1/2


[Site "https://www.chess.com"]

[Event "Titled Tuesday Blitz April 05 Early 2022"]
[White "Matthes, Aaron"]
[Black "Vovk, Orest"]
[WhiteFideId "16227310"]
[BlackFideId "14113490"]
[WhiteElo "2345"]
[BlackElo "2203"]
[Result "0-1"]
[Round "04"]
[TimeControl "180+1"]
[Date "2022.04.05"]
[WhiteClock "0:00:51"]
[BlackClock "0:01:44"]

1. Nf3 h6 2. c4 g5 3. h3 Bg7 4. d4 c5 5. Nc3 cxd4 6. Nxd4 Nc6 7. Be3 d6 8. g3 Nxd4 9. Bxd4 Bxd4 10. Qxd4 Nf6 11. Nd5 Qa5+ 12. b4 Qa3 13. Bg2 Be6 14. Nxf6+ exf6 15. Bxb7 Qxb4+ 16. Kf1 Qxb7 17. Kg1 Qe7 18. Kh2 O-O 19. Rhc1 Rac8 20. Rab1 Rc5 21. Rb4 a5 22. Rb6 Rfc8 23. Rxd6 Rxc4 24. Rxc4 Rxc4 25. Rd8+ Kg7 26. Qd3 Qc5 27. Kg2 Rc3 28. Qd2 Qc6+ 29. Kh2 Rc1 30. f3 Qc5 31. Kg2 Qg1# 0-1


[Site "https://www.chess.com"]

[Event "Titled Tuesday Blitz April 05 Early 2022"]
[White "Maung, Maung Kyaw Zaw Hein"]
[Black "Sanchez, Robert"]
[WhiteFideId "13001698"]
[BlackFideId "2034360"]
[WhiteElo "1785"]
[BlackElo "2278"]
[Result "1/2-1/2"]
[Round "04"]
[TimeControl "180+1"]
[Date "2022.04.05"]
[WhiteClock "0:00:19"]
[BlackClock "0:00:16"]

1. Nf3 d5 2. d4 e6 3. c4 Nf6 4. Nc3 Be7 5. Bf4 O-O 6. e3 a6 7. Bd3 dxc4 8. Bxc4 b5 9. Bd3 Bb7 10. O-O Nbd7 11. a4 b4 12. Nb1 c5 13. Nbd2 Nh5 14. Bg3 Nxg3 15. hxg3 Rc8 16. Qe2 cxd4 17. exd4 a5 18. Nc4 Bd5 19. Rad1 Nb6 20. b3 Bxc4 21. bxc4 Nxa4 22. Bxh7+ Kxh7 23. Qc2+ Kg8 24. Qxa4 Rxc4 25. Ne5 Rc3 26. Nc6 Qd7 27. Nxe7+ Qxe7 28. Qxa5 Rfc8 29. Rb1 R3c4 30. d5 exd5 31. Qxd5 Qc5 32. Qb7 Rc7 33. Qb8+ Kh7 34. Rfe1 Rc2 35. Re3 Re7 36. Qf4 Rxe3 37. Qxe3 Qxe3 38. fxe3 Re2 39. Rxb4 Rxe3 1/2-1/2


[Site "https://www.chess.com"]

[Event "Titled Tuesday Blitz April 05 Early 2022"]
[White "Melaugh, Shane"]
[Black "Shandrygin, Nikita"]
[WhiteFideId "2509580"]
[BlackFideId "24198668"]
[WhiteElo "1972"]
[BlackElo "2323"]
[Result "0-1"]
[Round "04"]
[TimeControl "180+1"]
[Date "2022.04.05"]
[WhiteClock "0:00:07"]
[BlackClock "0:00:21"]

1. c4 Nf6 2. Nc3 d5 3. cxd5 Nxd5 4. g3 g6 5. Bg2 Nb6 6. h4 h6 7. d3 Bg7 8. Nf3 Nc6 9. Be3 e5 10. Qd2 Nd4 11. O-O Bg4 12. Ne1 c6 13. Nc2 Qd7 14. Ne4 Nd5 15. Nc5 Qe7 16. Nb3 Nxc2 17. Qxc2 Nxe3 18. fxe3 h5 19. Nc5 Bh6 20. Nxb7 Bxe3+ 21. Kh2 O-O 22. Qxc6 Rac8 23. Qe4 Bb6 24. Rac1 Rxc1 25. Rxc1 Rb8 26. b4 g5 27. hxg5 Qxg5 28. Rf1 h4 29. Bf3 hxg3+ 30. Kg2 Bf5 31. Qxe5 Bh3+ 32. Kxh3 Qxe5 33. Be4 Kg7 34. Rf3 Rh8+ 35. Kg2 Rh2+ 36. Kf1 Rf2+ 37. Rxf2 gxf2 38. Nc5 Qa1+ 39. Kxf2 Qd4+ 40. e3 Qb2+ 41. Kf3 Bxc5 42. bxc5 Qxa2 43. d4 a5 44. c6 Qc4 45. d5 Kf6 46. d6 Ke5 47. d7 Qxe4+ 48. Kf2 Qd5 49. c7 Qxd7 0-1


[Site "https://www.chess.com"]

[Event "Titled Tuesday Blitz April 05 Early 2022"]
[White "Mikhnenko, Alexander"]
[Black "Goryachkina, Aleksandra"]
[WhiteFideId "34143014"]
[BlackFideId "4147103"]
[WhiteElo "2117"]
[BlackElo "2426"]
[Result "0-1"]
[Round "04"]
[TimeControl "180+1"]
[Date "2022.04.05"]
[WhiteClock "0:00:02"]
[BlackClock "0:00:26"]

1. e4 e6 2. d4 d5 3. Nc3 Bb4 4. e5 c5 5. a3 Bxc3+ 6. bxc3 Ne7 7. Bd3 Qa5 8. Bd2 Qa4 9. Qb1 c4 10. Be2 Nbc6 11. f4 b6 12. Nf3 Bd7 13. O-O O-O-O 14. Kh1 f6 15. Qb2 Be8 16. Rae1 Bg6 17. Bd1 Be4 18. Bc1 h6 19. Nd2 f5 20. Bf3 g5 21. Nxe4 dxe4 22. Be2 g4 23. Bd2 Nd5 24. Rb1 a6 25. Be1 b5 26. Rc1 h5 27. Rb1 h4 28. Rc1 h3 29. g3 Kc7 30. Bd2 Nb6 31. Ra1 Ne7 32. Qb4 Ned5 33. Qc5+ Kb7 34. Rfb1 Rd7 35. Rb4 Nxb4 36. Qxb4 Qxc2 0-1


[Site "https://www.chess.com"]

[Event "Titled Tuesday Blitz April 05 Early 2022"]
[White "Mirzoev, Azer"]
[Black "Perera Alfonso, Rene Humberto"]
[WhiteFideId "13400304"]
[BlackFideId "3514722"]
[WhiteElo "2525"]
[BlackElo "2313"]
[Result "1-0"]
[Round "04"]
[TimeControl "180+1"]
[Date "2022.04.05"]
[WhiteClock "0:00:35"]
[BlackClock "0:00:41"]

1. b3 e5 2. Bb2 Nc6 3. e3 d5 4. Bb5 Bd6 5. Ne2 Nf6 6. c4 O-O 7. O-O a6 8. Bxc6 bxc6 9. c5 Bxc5 10. Bxe5 Re8 11. d4 Bd6 12. Bxd6 Qxd6 13. Nd2 h6 14. h3 a5 15. Rc1 a4 16. bxa4 Ba6 17. Re1 Bxe2 18. Rxe2 Ra6 19. Nf3 Rea8 20. Rec2 Ne4 21. Nd2 Qg6 22. Nxe4 Qxe4 23. Rxc6 Rxa4 24. Rxc7 Rxa2 25. Rc8+ Kh7 26. Rxa8 Rxa8 27. Qc2 Qxc2 28. Rxc2 Kg6 29. Rc6+ f6 30. Rd6 Ra5 31. Rd7 h5 32. h4 Kh6 33. g3 g5 34. hxg5+ Kxg5 35. Kg2 h4 36. gxh4+ Kxh4 37. Rg7 Kh5 38. Kf3 Ra2 39. Rg8 Kh6 40. Kg3 Rb2 41. f3 Kh7 42. Rg4 Kh6 43. Kf4 Rf2 44. Rg8 Kh7 45. Rd8 Kg6 46. Rxd5 Rf1 47. e4 Rh1 48. Rd6 Kf7 49. e5 fxe5+ 50. dxe5 Rh4+ 51. Kf5 Rh3 52. f4 1-0


[Site "https://www.chess.com"]